Map: Ephemeron LE

Players

Mortlock - Winner!

  • Race: Terran Terran
  • League: Silver
  • Spawn Location: 5:00

A.I. 1 (Hard)

  • Race: Protoss Protoss
  • Spawn Location: 11:00

VOD

Have the link to the VOD?

Description

Time

  • Played on: Dec. 23, 2019, 8:03 p.m.
  • Length: 14:32
Show
View Real Time Build Order
Export as new Build Order

Mortlock Terran - Winner!

Build Orders:  

Get SALT Encoding   

  12  0:01  SCV  
  13  0:13  SCV  
  14  0:18  Supply Depot  
  14  0:25  SCV  
  15  0:29  Refinery  
  15  0:39  SCV  
  16  0:47  Barracks  
  16  0:51  SCV  
  17  1:03  SCV  
  18  1:15  SCV  
  19  1:34  Orbital Command  
  19  1:36  Barracks Reactor  
  19  1:46  Command Center  
  19  1:56  Factory  
  19  2:01  SCV  
  20  2:08  Supply Depot  
  20  2:16  SCV  
  20  2:19  Marine x2  
  23  2:30  SCV  
  23  2:34  Supply Depot  
  23  2:36  Marine  
  23  2:37  Marine  
  24  2:42  SCV  
  24  2:43  Factory Reactor  
  27  2:47  Starport  
  27  2:54  Marine x2  
  27  2:55  SCV  
  30  3:00  Supply Depot  
  30  3:06  Refinery  
  30  3:08  SCV  
  31  3:16  Orbital Command  
  31  3:30  Medivac  
  33  3:38  Factory Tech Lab  
  33  3:42  Supply Depot, Marine x2  
  33  3:44  Supply Depot  
  33  3:46  SCV  
  36  3:49  SCV  
  37  3:58  Siege Tank, SCV  
  41  4:04  SCV  
  42  4:10  Marine x2, SCV  
  42  4:16  Medivac  
  47  4:22  SCV x2  
  49  4:28  Supply Depot, Marine x2  
  51  4:34  SCV x2  
  51  4:35  Bunker  
  53  4:47  SCV  
  53  4:48  SCV  
  53  4:50  Medivac  
  53  4:51  Marine x2  
  59  4:56  Supply Depot  
  59  4:59  Supply Depot  
  59  5:05  Barracks  
  59  5:06  Barracks  
  59  5:09  Marine x2  
  61  5:20  SCV  
  62  5:22  SCV  
  63  5:32  SCV  
  63  5:34  Supply Depot, Medivac x2, SCV  
  69  5:36  Marine  
  69  5:37  Supply Depot, Marine  
  71  5:43  Siege Tank  
  71  5:48  Refinery  
  74  5:50  Refinery  
  74  5:56  Engineering Bay  
  74  5:58  Marine x2  
  74  6:01  Barracks Reactor, Barracks Tech Lab  
  77  6:04  SCV  
  77  6:24  Medivac x2  
  81  6:26  Marine x2  
  81  6:29  Stimpack  
  83  6:38  Missile Turret  
  83  6:40  Missile Turret  
  83  6:42  Missile Turret  
  83  6:46  Missile Turret  
  83  6:51  Missile Turret x2  
  83  6:53  Missile Turret  
  83  6:56  Missile Turret  
  83  6:58  Missile Turret  
  83  6:59  Missile Turret  
  83  7:00  Marine x5  
  88  7:02  Siege Tank  
  88  7:07  SCV  
  92  7:19  Missile Turret  
  92  7:21  Missile Turret  
  92  7:29  Missile Turret  
  92  7:34  Missile Turret  
  92  7:40  Missile Turret  
  92  7:49  Marine x5  
  97  7:53  Terran Infantry Armor Level 1  
  97  7:56  Engineering Bay  
  97  7:59  Armory  
  97  8:08  Combat Shield  
  97  8:17  Factory  
  97  8:19  Factory  
  97  8:26  Command Center  
  97  8:31  Widow Mine  
  97  8:33  Marine x2  
  101  8:34  Marine x2  
  101  8:35  Marine  
  104  8:42  Supply Depot  
  104  8:45  Supply Depot  
  104  8:53  Widow Mine  
  106  9:12  Marine  
  106  9:14  Widow Mine, Factory Tech Lab  
  106  9:15  Factory Tech Lab  
  109  9:38  Orbital Command  
  109  9:42  Missile Turret  
  109  9:44  Supply Depot x2, Missile Turret  
  109  9:47  Marine  
  109  9:48  Marine x4  
  109  9:51  Thor  
  120  10:06  Supply Depot  
  112  10:07  Supply Depot, Missile Turret  
  110  10:24  SCV x3  
  113  10:33  Marine x2  
  113  10:34  Marine x3  
  118  10:36  SCV x3  
  121  10:48  SCV x3  
  124  10:51  Marine  
  120  11:00  SCV x3  
  123  11:12  SCV  
  123  11:13  SCV x2  
  126  12:03  Thor x3  
  142  12:46  Thor x3  
  160  13:05  Medivac  
  160  13:06  Medivac  
  160  13:10  Marine  
  160  13:11  Marine x4  
  169  13:28  Thor, Marine  
  169  13:29  Marine x4  
  179  13:35  Medivac  
Show
View Real Time Build Order
Export as new Build Order

A.I. 1 (Hard) Protoss 

Build Orders: 1 Gate Expand 

Get SALT Encoding   

  12  0:00  Probe  
  13  0:13  Probe  
  14  0:20  Pylon  
  14  0:25  Probe  
  15  0:34  Probe  
  15  0:42  Probe  
  17  0:50  Gateway  
  17  1:09  Probe  
  17  1:11  Nexus  
  18  1:27  Pylon  
  18  1:31  Assimilator  
  18  1:40  Zealot  
  18  1:42  Cybernetics Core, Probe  
  21  1:55  Probe  
  22  2:07  Gateway, Probe  
  23  2:14  Assimilator  
  23  2:18  Stalker  
  23  2:19  Probe  
  23  2:20  Pylon  
  26  2:31  Probe  
  27  2:43  Probe  
  28  2:47  Warp Gate  
  28  2:48  Adept  
  30  2:55  Assimilator  
  30  2:57  Adept  
  32  3:02  Probe  
  33  3:06  Probe  
  33  3:11  Stalker  
  34  3:17  Gateway  
  36  3:27  Zealot  
  38  3:38  Stalker  
  40  3:52  Probe  
  41  3:55  Stalker  
  41  3:57  Probe  
  44  4:04  Pylon  
  44  4:05  Probe  
  44  4:06  Stalker  
  44  4:07  Probe  
  46  4:15  Probe  
  48  4:17  Probe  
  48  4:23  Probe  
  50  4:26  Forge  
  50  4:27  Sentry  
  53  4:33  Probe  
  53  4:36  Probe  
  55  4:46  Probe  
  55  4:49  Pylon  
  55  4:50  Probe  
  57  4:56  Zealot  
  57  4:58  Probe  
  57  4:59  Protoss Ground Weapons Level 1  
  60  5:02  Probe  
  61  5:09  Pylon  
  61  5:10  Probe, Zealot  
  61  5:11  Probe  
  65  5:22  Probe  
  65  5:23  Probe  
  65  5:25  Zealot  
  69  5:34  Probe, Pylon  
  69  5:35  Probe  
  70  5:39  Stalker  
  70  5:41  Twilight Council  
  73  5:46  Probe  
  73  5:47  Probe  
  75  5:53  Stalker  
  75  5:54  Pylon  
  77  5:58  Probe  
  77  5:59  Probe  
  79  6:07  Stalker  
  79  6:10  Probe, Blink  
  82  6:15  Robotics Facility  
  82  6:22  Stalker  
  82  6:23  Pylon  
  84  6:26  Photon Cannon  
  84  6:31  Photon Cannon  
  84  6:33  Pylon  
  84  6:36  Pylon, Stalker  
  86  6:44  Stargate  
  86  6:48  Forge  
  86  6:50  Sentry  
  86  6:51  Protoss Ground Armor Level 1  
  88  6:58  Photon Cannon  
  88  7:00  Photon Cannon  
  88  7:03  Observer  
  88  7:05  Sentry  
  91  7:15  Assimilator  
  91  7:24  Observer  
  92  7:37  Probe  
  93  9:20  Protoss Ground Weapons Level 2  
  93  9:23  Protoss Ground Armor Level 2  
  93  9:25  Immortal  
  93  9:31  Nexus  
  97  9:43  Gateway  
  97  9:47  Robotics Bay  
  97  9:48  Phoenix  
  97  9:49  Pylon  
  99  9:52  Robotics Facility  
  99  10:02  Protoss Air Weapons Level 1, Warp Prism  
  87  10:07  Zealot  
  73  10:17  Sentry  
  75  10:27  Phoenix  
  77  10:34  Gravitic Drive  
  77  10:39  Immortal, Observer  
  82  10:44  Probe  
  82  10:45  Probe  
  82  10:47  Probe  
  83  10:51  Zealot  
  83  10:53  Assimilator  
  83  10:56  Probe  
  68  10:57  Probe  
  68  10:58  Assimilator  
  68  10:59  Warp Prism  
  68  11:03  Stalker  
  69  11:13  Stalker  
  69  11:16  Probe  
  70  11:20  Probe  
  70  11:22  Probe  
  70  11:23  Stalker  
  70  11:28  Probe  
  71  11:33  Stalker  
  71  11:37  Void Ray  
  71  11:39  Probe  
  75  11:44  Probe  
  73  11:47  Sentry  
  73  11:51  Warp Prism  
  73  11:54  Probe  
  71  11:55  Probe  
  71  11:57  Zealot  
  67  12:01  Zealot  
  67  12:05  Zealot  
  67  12:06  Probe  
  67  12:07  Probe  
  52  12:10  Zealot  
  52  12:18  Probe, Zealot  
  52  12:19  Probe  
  52  12:20  Void Ray  
  60  12:26  Warp Prism  
  60  12:28  Zealot  
  55  12:30  Probe  
  55  12:31  Zealot  
  55  12:35  Zealot  
  51  12:39  Zealot  
  29  12:49  Stalker  
  29  12:52  Probe, Zealot  
  29  12:56  Zealot  
  24  13:00  Zealot  
  24  13:02  Warp Prism  
  24  13:04  Probe  
  24  13:07  Zealot  
  25  13:16  Probe  
  25  13:17  Zealot  
  21  13:23  Zealot  
  14  13:28  Probe  
  14  13:33  Stalker  
  13  13:39  Zealot  
  10  13:43  Zealot  
  4  14:18  Pylon  
Tags
 
League
Silver
Matchup
PvT
Spawn Locations
Cross Positions
Add a new tag
Caveats
  • Supply blocks, unpowered buildings, or Contaminate may cause inaccurate times.
  • Supply counts are checked every 10 seconds.